Map: Terrasses de Prion

Players

pLx

  • Race: Terran Terran
  • League: Bronze

pupu - Winner!

  • Race: Protoss Protoss
  • League: Gold

VOD

Have the link to the VOD?

Description

Time

  • Played on: April 21, 2016, 11:54 a.m.
  • Length: 17:52
Show
View Real Time Build Order
Export as new Build Order

pLx Terran 

Build Orders: Liberator Opening 

Get SALT Encoding   

  12  0:01  SCV  
  13  0:13  SCV  
  14  0:22  Supply Depot  
  14  0:25  SCV  
  15  0:30  Refinery  
  15  0:45  Barracks  
  15  1:01  SCV  
  15  1:03  Refinery  
  16  1:14  SCV  
  17  1:42  SCV  
  17  1:46  Reaper  
  19  1:47  Factory  
  19  1:54  SCV  
  19  2:00  Supply Depot  
  20  2:07  SCV  
  21  2:19  SCV  
  22  2:34  Factory Tech Lab  
  22  2:36  Starport  
  22  2:42  Barracks Reactor  
  22  2:58  Liberator  
  22  3:00  SCV  
  22  3:03  Siege Tank  
  26  3:10  Barracks  
  26  3:12  SCV  
  30  3:21  Marine  
  31  3:31  Supply Depot  
  31  3:50  Orbital Command  
  31  3:54  Marine x2  
  33  4:00  Supply Depot  
  33  4:12  Marine  
  33  4:13  Marine  
  33  4:15  Barracks Reactor  
  35  4:22  SCV  
  35  4:23  Engineering Bay  
  36  4:32  Starport Tech Lab  
  36  4:36  SCV  
  37  4:38  Marine  
  37  4:39  Marine  
  37  4:41  Supply Depot  
  39  4:46  Siege Tank  
  42  4:56  Marine x2  
  44  5:04  Command Center  
  44  5:08  Cloaking Field  
  44  5:11  Marine  
  45  5:23  Supply Depot  
  45  5:40  SCV  
  46  5:47  Marine x4  
  50  5:52  SCV  
  51  5:57  Supply Depot  
  51  6:04  SCV  
  52  6:05  Marine x4  
  52  6:06  Missile Turret  
  56  6:11  Siege Tank  
  59  6:22  Marine  
  60  6:38  SCV  
  60  6:39  SCV  
  62  6:43  Siege Tank  
  62  6:44  Refinery  
  62  6:45  Banshee  
  68  6:50  SCV  
  68  6:51  SCV  
  70  6:58  Marine x3  
  73  7:02  SCV  
  73  7:03  SCV  
  73  7:04  Barracks  
  75  7:16  Marine x4  
  75  7:19  Siege Tank  
  82  7:28  Banshee  
  68  7:51  Siege Tank  
  68  7:54  Liberator  
  71  8:19  SCV  
  72  8:23  Barracks  
  72  8:26  Barracks  
  72  8:31  SCV  
  72  8:33  Terran Infantry Armor Level 1, Barracks Reactor  
  72  8:34  SCV, Armory  
  74  8:46  Marine x2  
  74  8:47  Marine x2  
  78  8:53  SCV  
  79  8:57  Refinery  
  79  9:04  Marine x2  
  79  9:05  SCV  
  79  9:08  Command Center  
  82  9:11  Marine x4  
  82  9:16  Marine  
  86  9:17  SCV  
  86  9:23  Marine  
  86  9:50  Marine  
  86  10:00  Marine x3  
  86  10:23  Supply Depot, Barracks Reactor  
  86  10:25  Barracks Reactor  
  86  10:28  Terran Infantry Weapons Level 1  
  86  10:33  Missile Turret  
  86  10:34  Terran Vehicle And Ship Armor Level 1  
  86  10:41  Command Center  
  86  10:44  Marine x4  
  86  10:45  Marine, Siege Tank  
  94  10:50  Liberator  
  94  10:54  Barracks Tech Lab  
  94  11:07  Marine  
  94  11:08  Marine  
  94  11:09  Marine x2  
  94  11:10  Marine x2  
  92  11:15  Marine  
  92  11:16  Marine x2  
  92  11:17  Siege Tank  
  80  11:25  Marine  
  80  11:26  Marine  
  80  11:27  Marine x3  
  80  11:28  Marine  
  86  11:33  Marine x2  
  86  11:34  Marine, SCV  
  86  11:35  Liberator, Missile Turret  
  86  11:37  Missile Turret  
  90  11:41  Missile Turret  
  90  11:43  Marine  
  90  11:47  SCV  
  92  11:54  Supply Depot  
  95  11:55  Supply Depot, Stimpack  
  95  11:57  Marine x4  
  95  11:58  Marine x4  
  95  11:59  SCV  
  104  12:09  Marine  
  104  12:11  SCV  
  104  12:15  Marine x3  
  107  12:18  Liberator  
  107  12:21  Terran Infantry Armor Level 2  
  99  12:23  SCV  
  99  12:26  Marine x5  
  99  12:27  Marine  
  99  12:28  Terran Vehicle Weapons Level 1  
  106  12:33  Marine  
  106  12:34  Marine  
  106  12:35  Marine  
  112  12:44  Marine  
  95  13:05  Marine  
  95  13:06  Marine x8  
  81  13:23  Marine x3  
  81  13:24  Marine x6  
  86  13:37  SCV  
  87  13:41  Marine x5  
  92  13:53  Marine x2  
  92  13:54  Marine  
  95  13:55  Combat Shields  
  95  13:57  Supply Depot  
  95  13:59  Medivac  
  97  14:20  Marine x7  
  97  14:21  Marine x2  
  106  14:37  Marine  
  106  14:38  Marine x2  
  99  14:54  Marine x5  
  99  14:55  Marine x3  
  99  14:56  Marine  
  83  15:12  Marine x6  
  83  15:13  Marine x3  
  81  15:30  Marine x6, Liberator  
  81  15:31  Marine x3  
  84  15:47  Marine  
  84  15:48  Marine x5  
  84  15:49  Marine x3  
  85  16:05  Marine x3  
  85  16:06  Marine x3  
  85  16:08  Marine x3  
  87  16:13  Liberator  
  78  16:21  SCV  
  78  16:23  Marine x4  
  78  16:24  Marine x2  
  85  16:25  Refinery, Marine  
  85  16:26  Marine x2  
  83  16:41  Marine x6  
  83  16:43  Marine  
  77  17:01  Marine x5  
  77  17:02  Marine x4  
  83  17:19  Marine x7  
  83  17:20  Marine x2  
Show
View Real Time Build Order
Export as new Build Order

pupu Protoss - Winner!

Build Orders:  

Get SALT Encoding   

  12  0:01  Probe (Chrono Boost)  
  13  0:11  Probe (Chrono Boost)  
  14  0:18  Pylon  
  14  0:22  Probe (Chrono Boost)  
  15  0:37  Probe (Chrono Boost), Gateway  
  16  0:47  Probe (Chrono Boost)  
  16  0:48  Assimilator  
  17  0:58  Probe (Chrono Boost)  
  18  1:08  Probe (Chrono Boost)  
  18  1:10  Assimilator  
  19  1:19  Probe (Chrono Boost)  
  19  1:24  Cybernetics Core  
  20  1:29  Probe (Chrono Boost), Forge  
  21  1:32  Pylon  
  21  1:40  Probe (Chrono Boost)  
  22  1:57  Probe (Chrono Boost)  
  23  2:03  Warp Gate (Chrono Boost)  
  23  2:09  Mothership Core  
  25  2:20  Gateway  
  25  2:22  Gateway  
  25  2:24  Protoss Ground Weapons Level 1 (Chrono Boost)  
  25  2:30  Probe  
  26  2:55  Nexus  
  26  3:00  Stalker  
  28  3:07  Probe  
  29  3:19  Probe  
  30  3:31  Probe  
  31  3:35  Pylon  
  30  3:43  Probe  
  31  3:59  Robotics Facility  
  31  4:02  Gateway  
  31  4:04  Gateway  
  31  4:10  Zealot x2  
  31  4:17  Probe  
  35  4:18  Probe, Protoss Ground Armor Level 1 (Chrono Boost)  
  37  4:27  Probe  
  37  4:29  Assimilator  
  37  4:30  Probe  
  39  4:33  Pylon  
  39  4:39  Pylon  
  39  4:53  Probe, Photon Cannon  
  39  4:54  Probe  
  41  5:03  Observer  
  42  5:07  Zealot x3  
  42  5:11  Probe  
  42  5:13  Probe  
  50  5:22  Probe  
  50  5:25  Probe, Photon Cannon  
  50  5:27  Immortal  
  56  5:32  Zealot x3  
  62  5:44  Gateway  
  62  5:45  Sentry x2  
  66  5:56  Twilight Council, Probe  
  66  5:58  Probe  
  66  6:03  Assimilator  
  68  6:07  Probe  
  68  6:09  Pylon  
  68  6:10  Probe  
  70  6:12  Gateway  
  70  6:25  Probe  
  70  6:27  Probe  
  72  6:34  Immortal  
  72  6:36  Zealot  
  78  6:45  Pylon  
  78  6:46  Pylon  
  78  6:49  Pylon  
  78  6:50  Protoss Shields Level 1 (Chrono Boost), Pylon  
  78  6:53  Pylon  
  78  6:55  Pylon  
  78  7:01  Probe  
  78  7:03  Probe  
  78  7:05  Zealot x3  
  86  7:13  Immortal  
  90  7:16  Charge (Chrono Boost)  
  90  7:29  Stargate  
  90  7:31  Pylon  
  90  7:34  Pylon  
  90  7:36  Zealot x2  
  90  7:37  Zealot x3  
  92  7:46  Pylon  
  90  7:55  Stalker  
  90  7:56  Stalker x2  
  90  7:57  Stalker x2  
  100  7:59  Stalker  
  102  8:14  Nexus  
  102  8:18  Probe, Pylon  
  102  8:20  Probe  
  104  8:29  Probe  
  104  8:32  Probe  
  104  8:33  Void Ray (Chrono Boost)  
  110  8:39  Probe, Immortal  
  115  8:45  Zealot x2  
  115  8:47  Sentry  
  115  8:48  Sentry  
  123  8:49  Sentry  
  129  9:34  Phoenix (Chrono Boost)  
  124  9:53  Stalker x4  
  124  9:54  Stalker x2  
  124  9:55  Phoenix (Chrono Boost)  
  133  10:05  Stalker  
  133  10:09  Probe  
  133  10:11  Probe  
  133  10:13  Blink  
  133  10:20  Observer  
  134  10:22  Phoenix (Chrono Boost)  
  136  10:44  Phoenix (Chrono Boost)  
  136  10:45  Immortal  
  136  10:47  Protoss Shields Level 2  
  106  11:18  Stalker x2  
  106  11:19  Stalker x5  
  120  11:39  Assimilator  
  120  11:40  Probe  
  120  11:41  Probe  
  120  11:42  Probe  
  120  11:43  Assimilator  
  123  11:55  Immortal  
  123  11:57  Phoenix (Chrono Boost)  
  123  12:00  Stalker  
  123  12:01  Stalker x3, Pylon  
  137  12:03  Zealot, Pylon  
  137  12:07  Pylon  
  139  12:11  Pylon  
  139  12:15  Nexus  
  139  12:18  Phoenix (Chrono Boost)  
  133  12:33  Zealot x2  
  133  12:34  Zealot x5  
  137  13:02  Protoss Ground Armor Level 2  
  69  13:34  Zealot x7  
  83  13:48  Probe x2  
  83  13:49  Probe  
  86  13:59  Gateway x2  
  86  14:02  Gateway  
  86  14:04  Gateway  
  86  14:12  Assimilator  
  86  14:13  Zealot x6  
  86  14:15  Assimilator  
  98  14:23  Immortal  
  102  14:31  Zealot  
  102  14:33  Zealot  
  102  14:34  Zealot x3  
  70  15:06  Zealot x3  
  70  15:07  Zealot x4  
  68  15:25  Stalker x3  
  70  15:41  Zealot x6  
  70  15:42  Zealot  
  76  15:54  Zealot  
  76  15:55  Zealot x2  
  74  16:14  Immortal  
  76  16:25  Zealot x7  
  84  16:26  Zealot x3  
  88  16:56  Stalker x4  
  88  16:57  Stalker x6  
  104  17:33  Zealot x6  
  104  17:34  Zealot x4  
Tags
 
Add a new tag
Caveats
  • Supply blocks, unpowered buildings, or Contaminate may cause inaccurate times.
  • Supply counts are checked every 10 seconds.